Spitfire vs Princes
(R1)
Created - 27 mai 2013 at 21:03
Goals
|
| Spitfire |
0 |
0 |
2 |
2 |
| Princes |
3 |
1 |
1 |
5 |
|
Shots
|
| Spitfire |
10 |
6 |
15 |
31 |
| Princes |
12 |
14 |
10 |
36 |
|
1st period
1. Princes , Ryan Hollweg 2 (Patric Hornqvist, Brian McGrattan) at 5:20
2. Princes , Michael Nylander 1 (Patric Hornqvist, Ryan Hollweg) at 11:13
3. Princes , John Madden 2 (T.J. Oshie) at 11:32
Penalties :
No Penalty
2nd period
4. Princes , T.J. Oshie 1 (Alexander Korolyuk, Kevin Shattenkirk) at 13:31
Penalties :
Marc-Antoine Pouliot (Val) for Interference (Minor) at 7:57, Devin Didiomete (Val) for Roughing (Minor) at 11:14, Denis Shvidki (Val) for Holding (Minor) at 14:30
3rd period
5. Spitfire , Ryan Callahan 7 (Martin Samuelsson, Brandon Dubinsky) at 0:17 (PP)
6. Princes , Boyd Gordon 2 (Brian McGrattan, Jason Strudwick) at 11:03
7. Spitfire , Dick Tarnstrom 1 (Tim Kennedy, Kris Beech) at 14:01 (PP)
Penalties :
Ryan Hollweg (Cal) for Hooking (Minor) at 0:07, Kevin Klein (Val) for Elbowing (Minor) at 2:59, Marc-Antoine Pouliot (Val) for Tripping (Minor) at 7:05, P.J. Axelsson (Cal) for Roughing (Minor) at 13:27, Tyler Brenner (Cal) for Roughing (Minor) at 17:52
Goalie Stats
Marc Denis (Val), 31 saves from 36 shots - (0,861), L, 3-2-0, 60:00 minutes
Jonathan Bernier (Cal), 29 saves from 31 shots - (0,935), W, 2-0-2, 60:00 minutes
Players Stats for Spitfire
Player Name G A P +/- PIM S H SB GA TA FO MP PP MP PK MP
------------------------------------------------------------------------------------
Aaron Johnson 0 0 0 -2 0 0 0 0 0 0 0/0 4:22 0:00 0:00
Brad Staubitz 0 0 0 -1 0 0 0 0 0 0 0/0 8:08 0:00 1:51
Brandon Dubinsky 0 1 1 -2 0 1 3 0 0 1 13/24 19:33 1:34 3:29
Danny Syvret 0 0 0 0 0 0 1 1 0 0 0/0 10:21 0:00 0:44
Denis Shvidki 0 0 0 -3 2 5 3 0 0 0 2/3 18:55 1:09 2:27
Devin Didiomete 0 0 0 0 2 0 1 0 0 0 0/0 5:47 0:00 0:00
Dick Tarnstrom 1 0 1 -2 0 3 3 0 1 0 0/0 26:50 2:32 5:40
Erik Condra 0 0 0 0 0 3 1 0 1 0 1/1 12:46 0:00 0:00
Keaton Ellerby 0 0 0 -2 0 0 2 0 0 0 0/0 5:24 0:00 0:49
Kevin Klein 0 0 0 -2 2 2 2 0 1 1 0/0 25:51 2:32 4:29
Kris Beech 0 1 1 -2 0 2 3 0 1 0 5/12 16:26 1:09 0:03
Marc-Antoine Pouliot 0 0 0 0 4 5 0 1 0 0 5/7 12:38 0:00 0:00
Martin Samuelsson 0 1 1 -2 0 0 1 0 0 0 0/2 20:56 1:34 5:21
Mathieu Roy 0 0 0 0 0 0 1 0 0 3 0/0 9:24 0:00 0:00
Matt Walker 0 0 0 -1 0 1 0 2 0 0 0/0 19:00 0:11 4:04
Paul Bissonnette 0 0 0 0 0 0 1 0 0 1 0/0 13:51 0:00 1:26
Ryan Callahan 1 0 1 -2 0 4 1 0 0 1 4/9 24:36 1:34 5:13
Sandis Ozolinsh 0 0 0 -1 0 3 0 0 0 1 0/0 19:00 0:11 4:04
Tim Kennedy 0 1 1 -3 0 2 1 0 1 0 0/1 16:12 1:09 0:00
Players Stats for Princes
Player Name G A P +/- PIM S H SB GA TA FO MP PP MP PK MP
------------------------------------------------------------------------------------
Adam Pardy 0 0 0 1 0 0 0 0 0 0 0/0 5:20 0:00 0:34
Alexander Korolyuk 0 1 1 1 0 0 0 0 0 0 0/1 1:09 0:28 0:12
Boyd Gordon 1 0 1 1 0 3 1 0 0 0 8/17 17:44 4:09 0:22
Brian McGrattan 0 2 2 1 0 3 2 0 0 0 0/1 17:49 4:07 0:27
Jason Strudwick 0 1 1 1 0 0 1 1 0 0 0/0 12:59 0:00 0:00
John Madden 1 0 1 1 0 2 1 0 0 0 10/14 14:47 0:00 2:16
Jonathan Tremblay 0 0 0 1 0 0 2 0 1 0 0/0 7:57 0:26 0:00
Kevin Shattenkirk 0 1 1 2 0 0 0 2 0 0 0/0 19:55 6:28 0:00
Mason Raymond 0 0 0 1 0 2 2 1 1 0 0/0 17:22 4:09 0:00
Michael Haley 0 0 0 0 0 0 0 0 0 0 0/0 7:03 0:00 0:00
Michael Nylander 1 0 1 2 0 3 1 0 0 0 10/22 19:54 5:20 0:27
Nate Prosser 0 0 0 2 0 0 3 2 1 0 0/0 24:06 6:28 0:00
Noah Welch 0 0 0 1 0 1 0 2 0 0 0/0 17:35 3:27 2:09
P.J. Axelsson 0 0 0 1 2 3 1 1 1 0 0/0 14:12 0:00 1:42
Patric Hornqvist 0 2 2 2 0 5 4 0 0 0 0/0 19:24 5:20 0:00
Rhett Warrener 0 0 0 1 0 1 0 0 0 0 0/0 6:52 0:00 2:09
Ryan Hollweg 1 1 2 2 2 6 3 0 0 2 0/0 19:23 5:20 0:00
Sean Zimmerman 0 0 0 1 0 1 0 1 0 1 0/0 22:47 3:27 0:34
T.J. Oshie 1 1 2 2 0 6 1 2 2 0 0/0 13:25 0:26 0:00
Theo Peckham 0 0 0 1 0 0 1 0 0 0 0/0 10:26 0:00 0:00
Tyler Brenner 0 0 0 0 2 0 1 0 2 2 1/4 7:05 0:00 0:00
3 Stars
1 - T.J. Oshie (Cal)
2 - Patric Hornqvist (Cal)
3 - Ryan Hollweg (Cal)
Power Play
Spitfire - 2 on 3 Attempt(s) - 66,67%
Princes - 0 on 5 Attempt(s) - 0,00%
Penalty Kill
Spitfire - 5 on 5 Attempt(s) - 100,00%
- Score 0 goal in Penalty Kill
Princes - 1 on 3 Attempt(s) - 33,33%
- Score 0 goal in Penalty Kill
Official
Referees : Martell Rob and Charron Francis
Linesman : Don Henderson and Mark Pare
Game Notes
No Game Note
Finance
Level 1 -- Attendance: 1754 (87,70%) -- Ticket Income 61 390 $
Level 2 -- Attendance: 859 (85,90%) -- Ticket Income 12 885 $
Total Attendance: 2613 (87,10%)
Total Ticket Income: 74 275 $
Other Income: 3 714 $
Total Income: 77 989 $
Spitfire
5 vs 5 Forward
Center Left Wing Right Wing Time % Phy DF OF
1 Brandon Dubinsky Martin Samuelsson Ryan Callahan 40 1 2 2
2 Kris Beech Tim Kennedy Denis Shvidki 30 1 2 2
3 Marc-Antoine Pouliot Paul Bissonnette Erik Condra 20 1 2 2
4 Ryan Callahan Devin Didiomete Brad Staubitz 10 1 2 2
5 vs 5 Defense
Defense Defense Time % Phy DF OF
1 Dick Tarnstrom Kevin Klein 40 1 2 2
2 Sandis Ozolinsh Matt Walker 30 1 2 2
3 Mathieu Roy Danny Syvret 20 1 2 2
4 Keaton Ellerby Aaron Johnson 10 1 2 2
PowerPlay Forward
Center Left Wing Right Wing Time % Phy DF OF
1 Brandon Dubinsky Martin Samuelsson Ryan Callahan 60 1 2 2
2 Kris Beech Tim Kennedy Denis Shvidki 40 1 2 2
PowerPlay Defense
Defense Defense Time % Phy DF OF
1 Dick Tarnstrom Kevin Klein 60 1 2 2
2 Sandis Ozolinsh Matt Walker 40 1 2 2
Penalty Kill 4 Players Forward
Center Wing Time % Phy DF OF
1 Ryan Callahan Martin Samuelsson 60 1 2 2
2 Denis Shvidki Brandon Dubinsky 40 1 2 2
Penalty Kill 4 Players Defense
Defense Defense Time % Phy DF OF
1 Dick Tarnstrom Kevin Klein 60 1 2 2
2 Sandis Ozolinsh Matt Walker 40 1 2 2
Penalty Kill - 3 Players Forward
Forward Time % Phy DF OF
1 Ryan Callahan 60 1 2 2
2 Martin Samuelsson 40 1 2 2
Penalty Kill - 3 Players Defense
Defense Defense Time % Phy DF OF
1 Dick Tarnstrom Kevin Klein 60 1 2 2
2 Sandis Ozolinsh Matt Walker 40 1 2 2
4 vs 4 Forward
Center Wing Time % Phy DF OF
1 Ryan Callahan Martin Samuelsson 60 1 2 2
2 Denis Shvidki Brandon Dubinsky 40 1 2 2
4 vs 4 Defense
Defense Defense Time % Phy DF OF
1 Dick Tarnstrom Kevin Klein 60 1 2 2
2 Sandis Ozolinsh Matt Walker 40 1 2 2
Last Minutes Offensive
Center Left Wing Right Wing Defense Defense
Brandon Dubinsky Martin Samuelsson Ryan Callahan Dick Tarnstrom Kevin Klein
Last Minutes Defensive
Center Left Wing Right Wing Defense Defense
Brandon Dubinsky Martin Samuelsson Ryan Callahan Dick Tarnstrom Kevin Klein
Goaltenders
Starting : Marc Denis
Backup : Yann Danis
Extra Forwards
Normal : Marc-Antoine Pouliot, Erik Condra, Brad Staubitz - PP : Marc-Antoine Pouliot, Erik Condra - PK : Brad Staubitz
Extra Defensemen
Normal : Mathieu Roy, Danny Syvret, Keaton Ellerby - PP : Mathieu Roy - PK : Danny Syvret, Keaton Ellerby
Penalty Shots
Ryan Callahan, Martin Samuelsson, Denis Shvidki, Brandon Dubinsky, Kris Beech
Princes
5 vs 5 Forward
Center Left Wing Right Wing Time % Phy DF OF
1 Boyd Gordon Mason Raymond Brian McGrattan 35 1 2 2
2 Michael Nylander Ryan Hollweg Patric Hornqvist 35 1 1 3
3 John Madden P.J. Axelsson T.J. Oshie 25 1 2 2
4 Tyler Brenner Michael Haley Jonathan Tremblay 5 1 2 2
5 vs 5 Defense
Defense Defense Time % Phy DF OF
1 Nate Prosser Sean Zimmerman 40 1 2 2
2 Jason Strudwick Kevin Shattenkirk 30 1 2 2
3 Noah Welch Theo Peckham 20 1 2 2
4 Adam Pardy Rhett Warrener 10 1 2 2
PowerPlay Forward
Center Left Wing Right Wing Time % Phy DF OF
1 Michael Nylander Ryan Hollweg Patric Hornqvist 60 0 1 4
2 Boyd Gordon Mason Raymond Brian McGrattan 40 0 1 4
PowerPlay Defense
Defense Defense Time % Phy DF OF
1 Kevin Shattenkirk Nate Prosser 60 0 2 3
2 Noah Welch Sean Zimmerman 40 0 2 3
Penalty Kill 4 Players Forward
Center Wing Time % Phy DF OF
1 John Madden P.J. Axelsson 60 0 4 1
2 Michael Nylander Brian McGrattan 40 0 4 1
Penalty Kill 4 Players Defense
Defense Defense Time % Phy DF OF
1 Rhett Warrener Noah Welch 60 1 4 0
2 Adam Pardy Sean Zimmerman 40 1 4 0
Penalty Kill - 3 Players Forward
Forward Time % Phy DF OF
1 Michael Nylander 60 0 4 1
2 John Madden 40 0 4 1
Penalty Kill - 3 Players Defense
Defense Defense Time % Phy DF OF
1 Rhett Warrener Noah Welch 60 1 4 0
2 Adam Pardy Sean Zimmerman 40 1 4 0
4 vs 4 Forward
Center Wing Time % Phy DF OF
1 Michael Nylander Patric Hornqvist 60 1 2 2
2 Boyd Gordon Ryan Hollweg 40 1 2 2
4 vs 4 Defense
Defense Defense Time % Phy DF OF
1 Nate Prosser Sean Zimmerman 60 1 2 2
2 Jason Strudwick Kevin Shattenkirk 40 1 2 2
Last Minutes Offensive
Center Left Wing Right Wing Defense Defense
Michael Nylander Ryan Hollweg Patric Hornqvist Kevin Shattenkirk Noah Welch
Last Minutes Defensive
Center Left Wing Right Wing Defense Defense
Michael Nylander Ryan Hollweg Brian McGrattan Jason Strudwick Noah Welch
Goaltenders
Starting : Jonathan Bernier
Backup : Manny Legace
Extra Forwards
Normal : Alexander Korolyuk, P.J. Axelsson, T.J. Oshie - PP : Alexander Korolyuk, T.J. Oshie - PK : Boyd Gordon
Extra Defensemen
Normal : Adam Pardy, Noah Welch, Nate Prosser - PP : Jason Strudwick - PK : Jason Strudwick, Nate Prosser
Penalty Shots
Ryan Hollweg, Brian McGrattan, Michael Nylander, Patric Hornqvist, John Madden
% Time on Ice - Spitfire
Lines # - Real PCT - Wanted PCT - Time Play
Normal Forward
1 - 30% - 40% - 14:24
2 - 32% - 30% - 15:10
3 - 25% - 20% - 12:02
4 - 12% - 10% - 5:46
Normal Defense
1 - 40% - 40% - 18:51
2 - 31% - 30% - 14:45
3 - 20% - 20% - 9:24
4 - 9% - 10% - 4:22
PP Forward
1 - 58% - 60% - 1:34
2 - 42% - 40% - 1:09
PP Defense
1 - 93% - 60% - 2:32
2 - 7% - 40% - 0:11
PK Forward
1 - 71% - 60% - 7:02
2 - 29% - 40% - 2:53
PK Defense
1 - 59% - 60% - 5:51
2 - 41% - 40% - 4:04
PK3 Forward
1 - 0% - 60%
2 - 0% - 40%
PK3 Defense
1 - 0% - 60%
2 - 0% - 40%
44 Forward
1 - 0% - 60%
2 - 0% - 40%
44 Defense
1 - 0% - 60%
2 - 0% - 40%
Last Minute Offensive - 0:00
Last Minute Defensive - 0:00
Total
Forward - 60:00
Defense - 60:00
|
% Time on Ice - Princes
Lines # - Real PCT - Wanted PCT - Time Play
Normal Forward
1 - 29% - 35% - 13:49
2 - 30% - 35% - 13:59
3 - 26% - 25% - 12:31
4 - 15% - 5% - 7:03
Normal Defense
1 - 37% - 40% - 17:38
2 - 31% - 30% - 14:35
3 - 22% - 20% - 10:26
4 - 10% - 10% - 4:43
PP Forward
1 - 58% - 60% - 5:46
2 - 42% - 40% - 4:09
PP Defense
1 - 65% - 60% - 6:28
2 - 35% - 40% - 3:27
PK Forward
1 - 83% - 60% - 2:16
2 - 17% - 40% - 0:27
PK Defense
1 - 79% - 60% - 2:09
2 - 21% - 40% - 0:34
PK3 Forward
1 - 0% - 60%
2 - 0% - 40%
PK3 Defense
1 - 0% - 60%
2 - 0% - 40%
44 Forward
1 - 0% - 60%
2 - 0% - 40%
44 Defense
1 - 0% - 60%
2 - 0% - 40%
Last Minute Offensive - 0:00
Last Minute Defensive - 0:00
Total
Forward - 60:00
Defense - 60:00
|
Play by Play
1st period
0:01 of 1st period - Brandon Dubinsky wins face-off versus Boyd Gordon in neutral zone.
0:04 of 1st period - Wrist shot by Martin Samuelsson.
0:04 of 1st period - Shot Misses the Net.
0:38 of 1st period - Denis Shvidki is hit by Michael Nylander and loses puck.
1:39 of 1st period - Dick Tarnstrom is hit by Jonathan Tremblay and loses puck.
2:36 of 1st period - Snap shot by Patric Hornqvist.
2:36 of 1st period - Stopped by Marc Denis with a rebound.
2:42 of 1st period - Snap shot by Patric Hornqvist.
2:42 of 1st period - Stopped by Marc Denis with a rebound.
2:44 of 1st period - Wrist shot by Michael Nylander.
2:44 of 1st period - Stopped by Marc Denis without a rebound.
2:45 of 1st period - Boyd Gordon wins face-off versus Brandon Dubinsky in Spitfire zone.
2:54 of 1st period - Slapshot by Mason Raymond.
2:54 of 1st period - Stopped by Marc Denis with a rebound.
3:33 of 1st period - Snap shot by T.J. Oshie.
3:33 of 1st period - Stopped by Marc Denis with a rebound.
5:20 of 1st period - Slapshot by Ryan Hollweg.
5:20 of 1st period - Goal by Ryan Hollweg - Spitfire : 0 - Princes : 1.
5:21 of 1st period - Boyd Gordon wins face-off versus Brandon Dubinsky in neutral zone.
6:06 of 1st period - Jason Strudwick is hit by Danny Syvret and loses puck.
6:13 of 1st period - Danny Syvret is hit by Jason Strudwick and loses puck.
6:53 of 1st period - Ryan Callahan is hit by Jonathan Tremblay and loses puck.
7:22 of 1st period - T.J. Oshie is hit by Denis Shvidki and loses puck.
7:51 of 1st period - Jason Strudwick is hit by Devin Didiomete and loses puck.
8:19 of 1st period - Adam Pardy is hit by Keaton Ellerby and loses puck.
9:07 of 1st period - Off-side.
9:08 of 1st period - Michael Nylander wins face-off versus Tim Kennedy in neutral zone.
9:30 of 1st period - Paul Bissonnette is hit by Nate Prosser and loses puck.
9:37 of 1st period - Wrist shot by Marc-Antoine Pouliot.
9:37 of 1st period - Stopped by Jonathan Bernier with a rebound.
9:39 of 1st period - Slapshot by Sandis Ozolinsh.
9:39 of 1st period - Stopped by Jonathan Bernier without a rebound.
9:40 of 1st period - Denis Shvidki wins face-off versus Boyd Gordon in Princes zone.
9:41 of 1st period - Snap shot by Kris Beech.
9:41 of 1st period - Stopped by Jonathan Bernier with a rebound.
9:43 of 1st period - Wrist shot by Tim Kennedy.
9:43 of 1st period - Stopped by Jonathan Bernier without a rebound.
9:44 of 1st period - Kris Beech wins face-off versus Boyd Gordon in Princes zone.
9:47 of 1st period - Snap shot by Kris Beech.
9:47 of 1st period - Deflect By Denis Shvidki.
9:47 of 1st period - Stopped by Jonathan Bernier with a rebound.
9:55 of 1st period - Snap shot by Denis Shvidki.
9:55 of 1st period - Shot Misses the Net.
10:30 of 1st period - Slapshot by Brandon Dubinsky.
10:30 of 1st period - Shot Misses the Net.
10:32 of 1st period - Wrist shot by Marc-Antoine Pouliot.
10:32 of 1st period - Shot Blocked by Sean Zimmerman.
10:34 of 1st period - Snap shot by Marc-Antoine Pouliot.
10:34 of 1st period - Stopped by Jonathan Bernier without a rebound.
10:35 of 1st period - Marc-Antoine Pouliot wins face-off versus Boyd Gordon in Princes zone.
10:36 of 1st period - Snap shot by Erik Condra.
10:36 of 1st period - Stopped by Jonathan Bernier with a rebound.
10:44 of 1st period - Snap shot by Marc-Antoine Pouliot.
10:44 of 1st period - Deflect By Erik Condra.
10:44 of 1st period - Stopped by Jonathan Bernier with a rebound.
10:46 of 1st period - Slapshot by Sandis Ozolinsh.
10:46 of 1st period - Shot Misses the Net.
11:00 of 1st period - Matt Walker is hit by Ryan Hollweg and loses puck.
11:09 of 1st period - Snap shot by Ryan Hollweg.
11:09 of 1st period - Stopped by Marc Denis with a rebound.
11:11 of 1st period - Slapshot by Patric Hornqvist.
11:11 of 1st period - Shot Misses the Net.
11:13 of 1st period - Wrist shot by Michael Nylander.
11:13 of 1st period - Goal by Michael Nylander - Spitfire : 0 - Princes : 2.
11:14 of 1st period - Brandon Dubinsky wins face-off versus Boyd Gordon in neutral zone.
11:17 of 1st period - Sean Zimmerman is hit by Martin Samuelsson and loses puck.
11:26 of 1st period - Wrist shot by Boyd Gordon.
11:26 of 1st period - Stopped by Marc Denis without a rebound.
11:27 of 1st period - John Madden wins face-off versus Martin Samuelsson in Spitfire zone.
11:32 of 1st period - Slapshot by John Madden.
11:32 of 1st period - Goal by John Madden - Spitfire : 0 - Princes : 3.
11:33 of 1st period - Brandon Dubinsky wins face-off versus Boyd Gordon in neutral zone.
12:11 of 1st period - Wrist shot by Tim Kennedy.
12:11 of 1st period - Deflect By Kris Beech.
12:11 of 1st period - Shot Misses the Net.
12:11 of 1st period - Puck is out of play.
12:12 of 1st period - John Madden wins face-off versus Martin Samuelsson in Princes zone.
12:24 of 1st period - Wrist shot by Ryan Callahan.
12:24 of 1st period - Shot Misses the Net.
12:26 of 1st period - Snap shot by Ryan Callahan.
12:26 of 1st period - Shot Misses the Net.
12:54 of 1st period - Wrist shot by T.J. Oshie.
12:54 of 1st period - Stopped by Marc Denis without a rebound.
12:55 of 1st period - Boyd Gordon wins face-off versus Kris Beech in Spitfire zone.
12:58 of 1st period - Slapshot by Brian McGrattan.
12:58 of 1st period - Shot Misses the Net.
13:09 of 1st period - Off-side.
13:10 of 1st period - Michael Nylander wins face-off versus Brandon Dubinsky in neutral zone.
14:02 of 1st period - Snap shot by Marc-Antoine Pouliot.
14:02 of 1st period - Shot Misses the Net.
14:18 of 1st period - Brad Staubitz is hit by John Madden and loses puck.
15:27 of 1st period - Snap shot by P.J. Axelsson.
15:27 of 1st period - Stopped by Marc Denis with a rebound.
16:37 of 1st period - Snap shot by Brian McGrattan.
16:37 of 1st period - Shot Misses the Net.
16:59 of 1st period - Wrist shot by Denis Shvidki.
16:59 of 1st period - Shot Misses the Net.
17:01 of 1st period - Snap shot by Denis Shvidki.
17:01 of 1st period - Stopped by Jonathan Bernier with a rebound.
17:11 of 1st period - T.J. Oshie is hit by Paul Bissonnette and loses puck.
18:10 of 1st period - Sean Zimmerman is hit by Kris Beech.
18:56 of 1st period - Ryan Callahan is hit by P.J. Axelsson and loses puck.
19:15 of 1st period - Patric Hornqvist is hit by Denis Shvidki and loses puck.
19:36 of 1st period - Slapshot by Erik Condra.
19:36 of 1st period - Deflect By Jonathan Tremblay.
19:36 of 1st period - Stopped by Jonathan Bernier without a rebound.
19:37 of 1st period - Erik Condra wins face-off versus Tyler Brenner in Princes zone.
2nd period
0:01 of 2nd period - Brandon Dubinsky wins face-off versus Michael Nylander in neutral zone.
0:14 of 2nd period - Patric Hornqvist is hit by Kevin Klein and loses puck.
0:25 of 2nd period - Kevin Klein is hit by Brian McGrattan and loses puck.
0:48 of 2nd period - Slapshot by Boyd Gordon.
0:48 of 2nd period - Deflect By Marc-Antoine Pouliot.
0:48 of 2nd period - Stopped by Marc Denis with a rebound.
0:56 of 2nd period - Wrist shot by P.J. Axelsson.
0:56 of 2nd period - Stopped by Marc Denis with a rebound.
1:03 of 2nd period - Icing by Matt Walker.
1:04 of 2nd period - Marc-Antoine Pouliot wins face-off versus Tyler Brenner in Spitfire zone.
1:04 of 2nd period - Marc-Antoine Pouliot is hit by Tyler Brenner.
1:59 of 2nd period - Snap shot by Brian McGrattan.
1:59 of 2nd period - Stopped by Marc Denis without a rebound.
2:00 of 2nd period - Brandon Dubinsky wins face-off versus Boyd Gordon in Spitfire zone.
2:27 of 2nd period - Michael Nylander is hit by Kris Beech and loses puck.
2:32 of 2nd period - Wrist shot by Denis Shvidki.
2:32 of 2nd period - Shot Blocked by Kevin Shattenkirk.
2:34 of 2nd period - Slapshot by Denis Shvidki.
2:34 of 2nd period - Stopped by Jonathan Bernier with a rebound.
2:36 of 2nd period - Wrist shot by Tim Kennedy.
2:36 of 2nd period - Shot Blocked by Jason Strudwick.
2:50 of 2nd period - Snap shot by Marc-Antoine Pouliot.
2:50 of 2nd period - Shot Misses the Net.
2:52 of 2nd period - Wrist shot by Paul Bissonnette.
2:52 of 2nd period - Shot Blocked by P.J. Axelsson.
2:54 of 2nd period - Slapshot by Paul Bissonnette.
2:54 of 2nd period - Shot Blocked by T.J. Oshie.
3:14 of 2nd period - Jason Strudwick is hit by Keaton Ellerby and loses puck.
3:27 of 2nd period - Wrist shot by Mason Raymond.
3:27 of 2nd period - Stopped by Marc Denis with a rebound.
3:29 of 2nd period - Slapshot by Nate Prosser.
3:29 of 2nd period - Shot Blocked by Matt Walker.
3:31 of 2nd period - Wrist shot by Sean Zimmerman.
3:31 of 2nd period - Deflect By Jonathan Tremblay.
3:31 of 2nd period - Shot Blocked by Matt Walker.
3:31 of 2nd period - Puck is out of play.
3:32 of 2nd period - Marc-Antoine Pouliot wins face-off versus Tyler Brenner in Spitfire zone.
3:41 of 2nd period - Wrist shot by Erik Condra.
3:41 of 2nd period - Shot Misses the Net.
3:43 of 2nd period - Wrist shot by Marc-Antoine Pouliot.
3:43 of 2nd period - Stopped by Jonathan Bernier without a rebound.
3:44 of 2nd period - Michael Nylander wins face-off versus Brandon Dubinsky in Princes zone.
3:51 of 2nd period - Snap shot by Ryan Callahan.
3:51 of 2nd period - Stopped by Jonathan Bernier without a rebound.
3:52 of 2nd period - Michael Nylander wins face-off versus Brandon Dubinsky in Princes zone.
5:19 of 2nd period - Kris Beech is hit by Mason Raymond and loses puck.
6:04 of 2nd period - Wrist shot by Brian McGrattan.
6:04 of 2nd period - Stopped by Marc Denis without a rebound.
6:05 of 2nd period - Kris Beech wins face-off versus Boyd Gordon in Spitfire zone.
6:05 of 2nd period - Kris Beech is hit by Brian McGrattan.
7:14 of 2nd period - Sean Zimmerman is hit by Brandon Dubinsky and loses puck.
7:23 of 2nd period - Snap shot by Ryan Callahan.
7:23 of 2nd period - Stopped by Jonathan Bernier with a rebound.
7:25 of 2nd period - Slapshot by Dick Tarnstrom.
7:25 of 2nd period - Deflect By Boyd Gordon.
7:25 of 2nd period - Stopped by Jonathan Bernier without a rebound.
7:26 of 2nd period - Brandon Dubinsky wins face-off versus Michael Nylander in Princes zone.
7:57 of 2nd period - Minor Penalty to Marc-Antoine Pouliot for Interference.
7:58 of 2nd period - Michael Nylander wins face-off versus Ryan Callahan in Spitfire zone.
8:01 of 2nd period - Wrist shot by Patric Hornqvist.
8:01 of 2nd period - Stopped by Marc Denis with a rebound.
8:03 of 2nd period - Snap shot by Ryan Hollweg.
8:03 of 2nd period - Deflect By Michael Nylander.
8:03 of 2nd period - Shot Misses the Net.
8:03 of 2nd period - Puck is out of play.
8:04 of 2nd period - Michael Nylander wins face-off versus Ryan Callahan in Spitfire zone.
8:13 of 2nd period - Snap shot by Patric Hornqvist.
8:13 of 2nd period - Stopped by Marc Denis without a rebound.
8:14 of 2nd period - Ryan Callahan wins face-off versus Michael Nylander in Spitfire zone.
8:14 of 2nd period - Ryan Callahan is hit by Nate Prosser.
9:57 of 2nd period - Penalty to Marc-Antoine Pouliot is over, Marc-Antoine Pouliot is back on ice.
10:12 of 2nd period - Noah Welch is hit by Tim Kennedy and loses puck.
10:23 of 2nd period - Sean Zimmerman is hit by Mathieu Roy and loses puck.
10:30 of 2nd period - Snap shot by Marc-Antoine Pouliot.
10:30 of 2nd period - Stopped by Jonathan Bernier without a rebound.
10:31 of 2nd period - Tyler Brenner wins face-off versus Brandon Dubinsky in Princes zone.
10:31 of 2nd period - Tyler Brenner is hit by Brandon Dubinsky.
11:14 of 2nd period - Minor Penalty to Devin Didiomete for Roughing.
11:15 of 2nd period - Ryan Callahan wins face-off versus Michael Nylander in Spitfire zone.
11:52 of 2nd period - Kevin Klein is hit by Patric Hornqvist and loses puck.
12:13 of 2nd period - Slapshot by Ryan Hollweg.
12:13 of 2nd period - Shot Hit the Post.
12:15 of 2nd period - Wrist shot by Sean Zimmerman.
12:15 of 2nd period - Shot Misses the Net.
12:17 of 2nd period - Wrist shot by Ryan Hollweg.
12:17 of 2nd period - Stopped by Marc Denis with a rebound.
12:19 of 2nd period - Slapshot by Noah Welch.
12:19 of 2nd period - Stopped by Marc Denis without a rebound.
12:20 of 2nd period - Boyd Gordon wins face-off versus Ryan Callahan in Spitfire zone.
13:14 of 2nd period - Penalty to Devin Didiomete is over, Devin Didiomete is back on ice.
13:15 of 2nd period - Icing by Nate Prosser.
13:16 of 2nd period - Kris Beech wins face-off versus Alexander Korolyuk in Princes zone.
13:31 of 2nd period - Snap shot by Alexander Korolyuk.
13:31 of 2nd period - Deflect By T.J. Oshie.
13:31 of 2nd period - Goal by T.J. Oshie - Spitfire : 0 - Princes : 4.
13:32 of 2nd period - Brandon Dubinsky wins face-off versus Michael Nylander in neutral zone.
13:32 of 2nd period - Brandon Dubinsky is hit by Ryan Hollweg.
13:38 of 2nd period - Ryan Hollweg is hit by Dick Tarnstrom.
13:42 of 2nd period - Michael Nylander is hit by Ryan Callahan.
14:22 of 2nd period - Dick Tarnstrom is hit by Boyd Gordon and loses puck.
14:30 of 2nd period - Minor Penalty to Denis Shvidki for Holding.
14:31 of 2nd period - Ryan Callahan wins face-off versus Michael Nylander in Spitfire zone.
14:52 of 2nd period - Ryan Callahan is hit by Patric Hornqvist and loses puck.
15:35 of 2nd period - Brandon Dubinsky is hit by Mason Raymond and loses puck.
16:06 of 2nd period - Kevin Klein is hit by Nate Prosser and loses puck.
16:30 of 2nd period - Penalty to Denis Shvidki is over, Denis Shvidki is back on ice.
16:35 of 2nd period - Slapshot by Denis Shvidki.
16:35 of 2nd period - Shot Blocked by Nate Prosser.
16:37 of 2nd period - Slapshot by Denis Shvidki.
16:37 of 2nd period - Shot Blocked by Nate Prosser.
16:39 of 2nd period - Wrist shot by Brad Staubitz.
16:39 of 2nd period - Deflect By Kevin Shattenkirk.
16:39 of 2nd period - Shot Hit the Post.
16:39 of 2nd period - Puck is out of play.
16:40 of 2nd period - John Madden wins face-off versus Kris Beech in Princes zone.
16:54 of 2nd period - Wrist shot by T.J. Oshie.
16:54 of 2nd period - Stopped by Marc Denis without a rebound.
16:55 of 2nd period - Brandon Dubinsky wins face-off versus Brian McGrattan in Spitfire zone.
17:02 of 2nd period - Wrist shot by Ryan Callahan.
17:02 of 2nd period - Shot Misses the Net.
17:48 of 2nd period - Snap shot by John Madden.
17:48 of 2nd period - Stopped by Marc Denis with a rebound.
17:50 of 2nd period - Snap shot by Rhett Warrener.
17:50 of 2nd period - Stopped by Marc Denis without a rebound.
17:51 of 2nd period - Marc-Antoine Pouliot wins face-off versus John Madden in Spitfire zone.
18:05 of 2nd period - Slapshot by T.J. Oshie.
18:05 of 2nd period - Deflect By P.J. Axelsson.
18:05 of 2nd period - Stopped by Marc Denis with a rebound.
18:07 of 2nd period - Slapshot by Adam Pardy.
18:07 of 2nd period - Shot Blocked by Marc-Antoine Pouliot.
19:02 of 2nd period - Icing by Erik Condra.
19:03 of 2nd period - Michael Nylander wins face-off versus Marc-Antoine Pouliot in Spitfire zone.
19:30 of 2nd period - Slapshot by Martin Samuelsson.
19:30 of 2nd period - Shot Misses the Net.
3rd period
0:01 of 3rd period - Brandon Dubinsky wins face-off versus Michael Nylander in neutral zone.
0:07 of 3rd period - Minor Penalty to Ryan Hollweg for Hooking.
0:08 of 3rd period - Brandon Dubinsky wins face-off versus John Madden in Princes zone.
0:13 of 3rd period - Wrist shot by Brandon Dubinsky.
0:13 of 3rd period - Stopped by Jonathan Bernier without a rebound.
0:14 of 3rd period - Brandon Dubinsky wins face-off versus John Madden in Princes zone.
0:15 of 3rd period - Snap shot by Martin Samuelsson.
0:15 of 3rd period - Shot Blocked by Noah Welch.
0:17 of 3rd period - Slapshot by Ryan Callahan.
0:17 of 3rd period - Goal by Ryan Callahan - Spitfire : 1 - Princes : 4.
0:18 of 3rd period - Michael Nylander wins face-off versus Brandon Dubinsky in neutral zone.
0:21 of 3rd period - Wrist shot by Ryan Hollweg.
0:21 of 3rd period - Stopped by Marc Denis with a rebound.
0:33 of 3rd period - Snap shot by Ryan Hollweg.
0:33 of 3rd period - Stopped by Marc Denis with a rebound.
0:45 of 3rd period - Boyd Gordon is hit by Denis Shvidki and loses puck.
0:52 of 3rd period - Snap shot by Denis Shvidki.
0:52 of 3rd period - Shot Blocked by Mason Raymond.
1:35 of 3rd period - Sandis Ozolinsh is hit by Patric Hornqvist and loses puck.
1:48 of 3rd period - Ryan Callahan is hit by Theo Peckham and loses puck.
2:29 of 3rd period - Wrist shot by Denis Shvidki.
2:29 of 3rd period - Shot Blocked by T.J. Oshie.
2:31 of 3rd period - Wrist shot by Denis Shvidki.
2:31 of 3rd period - Stopped by Jonathan Bernier with a rebound.
2:33 of 3rd period - Slapshot by Sandis Ozolinsh.
2:33 of 3rd period - Stopped by Jonathan Bernier with a rebound.
2:59 of 3rd period - Minor Penalty to Kevin Klein for Elbowing.
3:00 of 3rd period - Ryan Callahan wins face-off versus Michael Nylander in Spitfire zone.
4:59 of 3rd period - Penalty to Kevin Klein is over, Kevin Klein is back on ice.
5:11 of 3rd period - Snap shot by T.J. Oshie.
5:11 of 3rd period - Stopped by Marc Denis without a rebound.
5:12 of 3rd period - John Madden wins face-off versus Kris Beech in Spitfire zone.
5:21 of 3rd period - Snap shot by Kris Beech.
5:21 of 3rd period - Shot Blocked by Kevin Shattenkirk.
5:23 of 3rd period - Snap shot by Tim Kennedy.
5:23 of 3rd period - Stopped by Jonathan Bernier without a rebound.
5:24 of 3rd period - John Madden wins face-off versus Brandon Dubinsky in Princes zone.
5:24 of 3rd period - P.J. Axelsson is hit by Dick Tarnstrom and loses puck.
5:57 of 3rd period - Snap shot by Brian McGrattan.
5:57 of 3rd period - Shot Misses the Net.
5:59 of 3rd period - Slapshot by Brian McGrattan.
5:59 of 3rd period - Stopped by Marc Denis with a rebound.
6:11 of 3rd period - Snap shot by Patric Hornqvist.
6:11 of 3rd period - Shot Misses the Net.
6:13 of 3rd period - Snap shot by Michael Nylander.
6:13 of 3rd period - Stopped by Marc Denis with a rebound.
6:33 of 3rd period - Icing by Tim Kennedy.
6:34 of 3rd period - Kris Beech wins face-off versus John Madden in Spitfire zone.
7:05 of 3rd period - Minor Penalty to Marc-Antoine Pouliot for Tripping.
7:06 of 3rd period - Michael Nylander wins face-off versus Ryan Callahan in Spitfire zone.
7:32 of 3rd period - Off-side.
7:33 of 3rd period - Boyd Gordon wins face-off versus Denis Shvidki in neutral zone.
7:36 of 3rd period - Slapshot by Sean Zimmerman.
7:36 of 3rd period - Deflect By Matt Walker.
7:36 of 3rd period - Stopped by Marc Denis without a rebound.
7:37 of 3rd period - Denis Shvidki wins face-off versus Michael Nylander in Spitfire zone.
7:37 of 3rd period - Denis Shvidki is hit by Patric Hornqvist.
9:05 of 3rd period - Penalty to Marc-Antoine Pouliot is over, Marc-Antoine Pouliot is back on ice.
9:23 of 3rd period - Slapshot by T.J. Oshie.
9:23 of 3rd period - Shot Misses the Net.
10:18 of 3rd period - Slapshot by Erik Condra.
10:18 of 3rd period - Shot Misses the Net.
10:46 of 3rd period - Martin Samuelsson is hit by Ryan Hollweg and loses puck.
11:03 of 3rd period - Snap shot by Boyd Gordon.
11:03 of 3rd period - Goal by Boyd Gordon - Spitfire : 1 - Princes : 5.
11:04 of 3rd period - Brandon Dubinsky wins face-off versus Michael Nylander in neutral zone.
11:15 of 3rd period - Snap shot by Ryan Hollweg.
11:15 of 3rd period - Stopped by Marc Denis with a rebound.
11:17 of 3rd period - Wrist shot by Patric Hornqvist.
11:17 of 3rd period - Stopped by Marc Denis without a rebound.
11:18 of 3rd period - Boyd Gordon wins face-off versus Brandon Dubinsky in Spitfire zone.
12:11 of 3rd period - Snap shot by T.J. Oshie.
12:11 of 3rd period - Stopped by Marc Denis with a rebound.
12:13 of 3rd period - Snap shot by Sean Zimmerman.
12:13 of 3rd period - Shot Misses the Net.
12:15 of 3rd period - Wrist shot by P.J. Axelsson.
12:15 of 3rd period - Shot Misses the Net.
12:51 of 3rd period - Wrist shot by Denis Shvidki.
12:51 of 3rd period - Stopped by Jonathan Bernier with a rebound.
13:27 of 3rd period - Minor Penalty to P.J. Axelsson for Roughing.
13:28 of 3rd period - John Madden wins face-off versus Brandon Dubinsky in Princes zone.
14:01 of 3rd period - Slapshot by Dick Tarnstrom.
14:01 of 3rd period - Goal by Dick Tarnstrom - Spitfire : 2 - Princes : 5.
14:02 of 3rd period - Brandon Dubinsky wins face-off versus Boyd Gordon in neutral zone.
14:27 of 3rd period - Michael Nylander is hit by Kris Beech.
14:36 of 3rd period - Icing by Patric Hornqvist.
14:37 of 3rd period - Kris Beech wins face-off versus Michael Nylander in Princes zone.
14:42 of 3rd period - Slapshot by Kris Beech.
14:42 of 3rd period - Stopped by Jonathan Bernier with a rebound.
14:44 of 3rd period - Slapshot by Matt Walker.
14:44 of 3rd period - Stopped by Jonathan Bernier without a rebound.
14:45 of 3rd period - Boyd Gordon wins face-off versus Kris Beech in Princes zone.
15:20 of 3rd period - Kevin Shattenkirk is hit by Erik Condra and loses puck.
15:43 of 3rd period - Matt Walker is hit by T.J. Oshie and loses puck.
16:42 of 3rd period - Slapshot by Kevin Klein.
16:42 of 3rd period - Stopped by Jonathan Bernier without a rebound.
16:43 of 3rd period - Boyd Gordon wins face-off versus Marc-Antoine Pouliot in Princes zone.
17:38 of 3rd period - Wrist shot by T.J. Oshie.
17:38 of 3rd period - Shot Blocked by Danny Syvret.
17:40 of 3rd period - Slapshot by John Madden.
17:40 of 3rd period - Shot Misses the Net.
17:52 of 3rd period - Minor Penalty to Tyler Brenner for Roughing.
17:53 of 3rd period - John Madden wins face-off versus Kris Beech in Princes zone.
18:02 of 3rd period - Slapshot by Dick Tarnstrom.
18:02 of 3rd period - Shot Hit the Post.
18:04 of 3rd period - Slapshot by Kevin Klein.
18:04 of 3rd period - Stopped by Jonathan Bernier with a rebound.
18:06 of 3rd period - Slapshot by Dick Tarnstrom.
18:06 of 3rd period - Deflect By Denis Shvidki.
18:06 of 3rd period - Shot Blocked by Noah Welch.
18:06 of 3rd period - Puck is out of play.
18:07 of 3rd period - John Madden wins face-off versus Brandon Dubinsky in Princes zone.
18:07 of 3rd period - John Madden is hit by Brandon Dubinsky.
18:31 of 3rd period - Rhett Warrener is hit by Kevin Klein and loses puck.
18:46 of 3rd period - Snap shot by Martin Samuelsson.
18:46 of 3rd period - Deflect By Ryan Callahan.
18:46 of 3rd period - Stopped by Jonathan Bernier without a rebound.
18:47 of 3rd period - Michael Nylander wins face-off versus Kris Beech in Princes zone.
18:57 of 3rd period - Slapshot by Sandis Ozolinsh.
18:57 of 3rd period - Stopped by Jonathan Bernier without a rebound.
18:58 of 3rd period - John Madden wins face-off versus Kris Beech in Princes zone.
19:07 of 3rd period - Snap shot by Dick Tarnstrom.
19:07 of 3rd period - Stopped by Jonathan Bernier with a rebound.
19:09 of 3rd period - Wrist shot by Tim Kennedy.
19:09 of 3rd period - Deflect By Denis Shvidki.
19:09 of 3rd period - Shot Hit the Post.
19:09 of 3rd period - Puck is out of play.
19:10 of 3rd period - John Madden wins face-off versus Ryan Callahan in Princes zone.
19:51 of 3rd period - Adam Pardy is hit by Dick Tarnstrom.
19:52 of 3rd period - Penalty to Tyler Brenner is over, Tyler Brenner is back on ice.
19:54 of 3rd period - Off-side.
19:55 of 3rd period - Marc-Antoine Pouliot wins face-off versus Michael Nylander in neutral zone.
19:58 of 3rd period - Slapshot by Sandis Ozolinsh.
19:58 of 3rd period - Deflect By Marc-Antoine Pouliot.
19:58 of 3rd period - Stopped by Jonathan Bernier with a rebound.
Output by the SimonT Hockey Simulator (STHS) for François Prévost -- Original Page W3C XHTML 1.0 Valid